Map: Romanticide LE

Players

MaSa

  • Race: Terran Terran
  • League: Master
  • Spawn Location: 5:00

Namshar - Winner!

  • Race: Zerg Zerg
  • League: Grandmaster
  • Spawn Location: 11:00

Event: DreamHack SC2 Masters 2020 Winter

VOD

Have the link to the VOD?

Description

Time

  • Played on: Oct. 28, 2020, 6:26 p.m.
  • Length: 16:45

All games in this series

Show
View Real Time Build Order
Export as new Build Order

MaSa Terran 

Build Orders:  

Get SALT Encoding   

  12  0:00  SCV  
  13  0:12  SCV  
  14  0:16  Supply Depot  
  14  0:24  SCV  
  15  0:38  SCV, Barracks  
  16  0:43  Refinery  
  16  0:50  SCV  
  17  1:02  SCV  
  18  1:14  SCV  
  19  1:26  Barracks Reactor, Orbital Command  
  19  1:40  Command Center  
  19  1:50  Supply Depot  
  19  1:53  SCV  
  20  2:02  Marine x2  
  20  2:05  SCV  
  23  2:13  Factory  
  23  2:17  SCV  
  23  2:21  Marine x2  
  26  2:26  Refinery  
  26  2:29  SCV  
  27  2:39  Marine x2  
  27  2:41  SCV  
  30  2:55  SCV  
  31  3:00  Starport  
  31  3:03  Orbital Command  
  31  3:07  SCV  
  31  3:09  Hellion x2  
  31  3:10  Marine  
  37  3:20  Bunker  
  37  3:22  SCV  
  38  3:28  Supply Depot, Marine  
  38  3:30  SCV  
  40  3:41  Hellion x2  
  44  3:46  Marine  
  45  3:51  SCV, Armory  
  45  3:53  Medivac  
  47  4:00  SCV  
  47  4:01  Supply Depot  
  48  4:03  Hellion  
  48  4:06  Barracks Tech Lab  
  48  4:07  Hellion  
  53  4:10  SCV  
  53  4:12  SCV  
  55  4:29  Hellion x2  
  55  4:30  Supply Depot  
  60  4:33  SCV, Liberator  
  62  4:51  SCV  
  62  4:52  Hellion x2  
  67  4:58  SCV  
  68  5:03  SCV  
  61  5:11  SCV  
  61  5:13  Hellion  
  60  5:15  SCV  
  60  5:16  Command Center  
  60  5:18  Starport Reactor, Stimpack, Marine  
  49  5:23  Supply Depot  
  49  5:24  SCV  
  49  5:27  Supply Depot  
  49  5:28  SCV  
  49  5:29  Hellion  
  51  5:36  SCV  
  51  5:37  Hellion  
  51  5:38  Marine  
  51  5:40  SCV  
  56  5:43  Barracks  
  56  5:49  Engineering Bay x2  
  56  5:50  SCV  
  57  5:59  SCV  
  57  6:03  SCV, Factory Reactor  
  59  6:06  Marine  
  60  6:11  SCV  
  60  6:14  Starport Reactor, Barracks  
  60  6:15  SCV  
  62  6:23  SCV  
  62  6:25  Terran Infantry Weapons Level 1, Terran Infantry Armor Level 1  
  63  6:27  Refinery  
  63  6:28  SCV, Orbital Command, Refinery, Marine  
  63  6:31  Barracks  
  65  6:35  SCV  
  65  6:36  Barracks  
  65  6:38  Marine x2  
  70  6:40  Widow Mine x2  
  70  6:42  SCV  
  70  6:43  Factory  
  70  6:46  Orbital Command, Marine  
  74  6:49  SCV  
  74  6:52  Supply Depot  
  75  6:54  SCV  
  75  6:56  Marine x2  
  75  7:00  Medivac  
  80  7:02  Medivac  
  80  7:03  Widow Mine  
  80  7:04  Marine  
  80  7:06  Combat Shield  
  85  7:09  Widow Mine  
  85  7:10  SCV  
  85  7:14  SCV, Marine  
  90  7:16  SCV  
  90  7:17  Marine x3  
  90  7:20  Barracks Reactor  
  90  7:21  Marine  
  90  7:22  SCV  
  96  7:29  Barracks Reactor  
  98  7:30  Widow Mine  
  98  7:32  Bunker, Factory Tech Lab  
  98  7:33  Widow Mine  
  98  7:35  Supply Depot  
  98  7:36  SCV  
  101  7:38  SCV x2, Supply Depot  
  101  7:39  Terran Vehicle And Ship Armor Level 1  
  101  7:40  Marine x2  
  105  7:44  Marine x3  
  105  7:48  SCV  
  105  7:50  Supply Depot  
  109  7:56  SCV  
  109  7:57  Drilling Claws, Marine  
  109  7:58  Marine  
  112  8:00  Widow Mine  
  112  8:02  Marine x2  
  112  8:03  Marine x3  
  106  8:06  SCV x2  
  106  8:09  SCV, Widow Mine x2  
  106  8:12  Medivac  
  115  8:14  Marine x2  
  115  8:15  Marine x2  
  115  8:18  SCV  
  115  8:19  SCV  
  121  8:20  Marine  
  121  8:21  Refinery  
  121  8:22  Refinery, Marine  
  121  8:23  Marine x2  
  121  8:24  Marine  
  126  8:31  Widow Mine  
  126  8:32  Marine x2  
  126  8:33  Marine x2  
  132  8:36  Supply Depot  
  132  8:38  Marine  
  133  8:48  Supply Depot  
  133  8:49  Supply Depot  
  133  8:58  SCV, Marine x7  
  141  9:02  Supply Depot  
  141  9:06  Command Center  
  141  9:09  Marine x2, Widow Mine x3  
  149  9:17  Marine x2  
  149  9:18  Marine x2  
  149  9:19  SCV  
  154  9:27  SCV x2  
  154  9:29  Supply Depot, Terran Infantry Armor Level 2, Terran Infantry Weapons Level 2  
  154  9:31  Widow Mine x2  
  155  9:36  SCV  
  155  9:38  Marine x7  
  153  9:40  Widow Mine  
  153  9:43  Medivac x2  
  161  9:49  Marine x2  
  161  9:52  Siege Tank  
  166  9:53  SCV  
  166  9:55  Marine  
  166  9:59  Marine  
  169  10:02  Terran Vehicle Weapons Level 1  
  169  10:06  SCV x3  
  172  10:09  Factory  
  172  10:13  Medivac  
  171  10:14  Medivac  
  171  10:18  Widow Mine x2  
  177  10:24  Siege Tank  
  180  10:34  Command Center  
  176  10:39  Marine x3  
  176  10:40  Refinery  
  176  10:42  Refinery  
  179  10:43  Medivac  
  179  10:44  Medivac  
  143  10:52  Marine x3  
  143  10:53  Marine x2  
  143  10:54  Marine  
  143  10:56  Siege Tank  
  143  10:57  Marine  
  148  10:59  Planetary Fortress  
  148  11:01  Marine  
  148  11:02  Marine  
  147  11:05  Factory Tech Lab  
  145  11:12  Marauder, Marine x2  
  145  11:13  Medivac  
  145  11:14  Medivac  
  145  11:15  Marine x4  
  154  11:20  Marine x2  
  154  11:23  SCV x2  
  154  11:24  SCV  
  153  11:29  Siege Tank  
  153  11:30  Marine x2  
  137  11:32  Marine  
  137  11:33  Marine  
  137  11:34  Marauder, Marine x2  
  137  11:36  SCV  
  137  11:38  SCV, Marine  
  138  11:43  Medivac  
  138  11:44  Medivac  
  138  11:45  Marine  
  143  11:52  Siege Tank  
  143  11:53  SCV x2, Widow Mine x2  
  143  11:54  SCV  
  153  11:55  Marauder  
  151  12:02  Siege Tank  
  152  12:09  Terran Infantry Armor Level 3  
  152  12:12  Terran Infantry Weapons Level 3  
  152  12:14  SCV, Hellion x2  
  152  12:15  SCV x3  
  160  12:16  Marauder  
  160  12:18  Marine x6  
  166  12:23  Marine  
  166  12:24  Marine  
  166  12:27  SCV  
  162  12:32  SCV  
  162  12:35  Marine x2  
  162  12:36  Marine x4  
  149  12:46  Marine x2  
  149  12:48  Widow Mine  
  148  12:56  Command Center  
  147  13:02  Command Center  
  147  13:05  Siege Tank x2  
  153  13:08  Terran Vehicle Weapons Level 2, Widow Mine  
  155  13:13  Medivac x2  
  155  13:19  Concussive Shells, Marine  
  159  13:20  Marine x3  
  159  13:21  Marauder  
  148  13:36  Marine x3  
  148  13:37  Widow Mine  
  148  13:38  Widow Mine, Sensor Tower  
  155  13:42  Marauder  
  157  13:53  Marine  
  157  13:54  Marine x5  
  163  13:56  SCV x2  
  163  13:57  SCV  
  163  14:02  Marine x2  
  153  14:03  Marine  
  153  14:07  Medivac x2  
  148  14:11  Marine x2, Siege Tank  
  148  14:12  Marine  
  146  14:21  Marauder  
  148  14:27  Marine x3  
  148  14:30  Siege Tank  
  152  14:31  Hellion  
  152  14:32  SCV  
  152  14:43  Marauder, Siege Tank  
  157  14:46  SCV, Widow Mine  
  157  14:47  Orbital Command  
  146  15:03  Widow Mine, Siege Tank  
  146  15:04  Marauder  
  148  15:08  Hellion  
  136  15:15  Siege Tank  
  136  15:19  Marine  
  113  15:25  Marauder  
Show
View Real Time Build Order
Export as new Build Order

Namshar Zerg - Winner!

Build Orders: Hatch First, Lurkers 

Get SALT Encoding   

  12  0:00  Drone  
  13  0:12  Overlord  
  13  0:16  Drone  
  14  0:30  Drone x2  
  16  0:47  Hatchery  
  15  0:50  Drone  
  15  0:54  Drone  
  17  0:58  Drone  
  18  1:08  Extractor  
  17  1:13  Spawning Pool  
  17  1:16  Drone  
  17  1:19  Drone  
  18  1:28  Drone  
  19  1:38  Drone  
  20  1:49  Drone  
  21  1:59  Queen  
  21  2:00  Zergling x4, Queen  
  27  2:14  Hatchery  
  26  2:18  Overlord  
  26  2:21  Drone  
  27  2:23  Drone  
  28  2:33  Metabolic Boost  
  28  2:38  Drone x3  
  28  2:44  Drone  
  32  2:45  Overlord  
  32  2:52  Queen  
  32  2:55  Drone  
  34  3:03  Drone  
  34  3:04  Drone  
  36  3:12  Drone x4  
  40  3:16  Drone  
  41  3:23  Overlord  
  41  3:24  Pneumatized Carapace  
  41  3:28  Queen  
  41  3:30  Drone  
  41  3:32  Overlord  
  44  3:39  Drone x3  
  47  3:45  Drone x3  
  50  3:49  Queen  
  50  3:54  Overlord  
  52  3:58  Drone  
  52  4:01  Baneling Nest  
  52  4:02  Zergling x8  
  56  4:07  Overlord  
  56  4:09  Queen  
  56  4:15  Drone  
  59  4:17  Drone  
  59  4:18  Drone x4  
  64  4:30  Spine Crawler  
  64  4:31  Zergling x8  
  69  4:36  Queen  
  71  4:39  Overlord  
  71  4:48  Baneling x4  
  71  4:51  Baneling  
  71  4:54  Zergling x18  
  71  4:56  Baneling  
  73  5:00  Zergling x2  
  73  5:01  Zergling x4  
  73  5:03  Zergling x2  
  73  5:04  Zergling x4  
  73  5:06  Zergling x2  
  66  5:08  Queen  
  66  5:12  Zergling x2  
  66  5:13  Zergling x2  
  63  5:19  Drone  
  63  5:20  Drone x2  
  61  5:26  Drone  
  62  5:30  Lair, Drone x2  
  62  5:32  Extractor  
  62  5:34  Extractor  
  62  5:39  Drone  
  62  5:40  Drone  
  63  5:46  Spore Crawler  
  63  5:47  Drone  
  63  5:52  Drone x6  
  69  5:57  Drone x6  
  75  6:06  Drone  
  75  6:07  Drone  
  77  6:14  Evolution Chamber x2  
  75  6:18  Drone x4  
  75  6:23  Hatchery  
  78  6:26  Drone  
  78  6:27  Drone x6, Extractor x2  
  83  6:34  Drone  
  84  6:40  Overlord x2, Centrifical Hooks  
  84  6:42  Zerg Melee Weapons Level 1, Zerg Ground Armor Level 1  
  84  6:46  Drone  
  85  6:52  Overlord x2  
  85  7:00  Drone  
  85  7:01  Zergling x16, Drone  
  88  7:03  Queen  
  88  7:04  Baneling x4  
  88  7:08  Baneling x2  
  97  7:13  Overlord  
  97  7:14  Zergling x6  
  100  7:20  Drone x2  
  100  7:22  Zergling x4  
  104  7:25  Zergling x6  
  107  7:30  Zergling x2  
  107  7:31  Zergling x2  
  107  7:35  Baneling  
  107  7:36  Baneling x3  
  109  7:38  Overlord, Drone x2  
  111  7:46  Drone  
  111  7:47  Drone x6  
  111  7:50  Drone  
  111  7:51  Hydralisk Den, Extractor  
  117  7:56  Zergling x12  
  117  8:10  Drone x7  
  117  8:12  Extractor  
  123  8:16  Baneling x3  
  123  8:17  Baneling x3  
  123  8:19  Drone  
  124  8:20  Extractor  
  124  8:23  Drone x2  
  124  8:24  Drone  
  126  8:29  Muscular Augments  
  126  8:30  Zergling x20  
  126  8:33  Zergling x4  
  138  8:37  Hatchery  
  138  8:40  Zergling x8  
  139  8:45  Zerg Ground Armor Level 2, Zerg Melee Weapons Level 2, Baneling x2  
  139  8:47  Overlord x4  
  136  8:58  Queen x2  
  139  9:08  Overlord x4  
  139  9:12  Hydralisk x9  
  139  9:15  Queen  
  156  9:26  Drone x3  
  153  9:34  Overseer  
  153  9:41  Grooved Spines  
  153  9:44  Hydralisk  
  153  9:45  Hydralisk x5  
  159  9:46  Spore Crawler  
  159  9:48  Drone  
  159  9:49  Spore Crawler  
  159  9:50  Drone x2  
  159  9:52  Overseer, Drone  
  165  9:54  Drone  
  165  9:58  Infestation Pit  
  165  10:00  Drone x4  
  165  10:04  Queen  
  171  10:09  Lurker Den  
  171  10:10  Hydralisk  
  171  10:11  Zergling x14  
  171  10:14  Baneling x14  
  177  10:15  Baneling x8  
  177  10:18  Baneling x4  
  177  10:24  Queen  
  174  10:32  Drone x2  
  174  10:35  Overseer  
  176  10:36  Drone x8  
  184  10:43  Hydralisk  
  184  10:44  Zergling x18  
  178  10:50  Hive  
  178  10:52  Hydralisk  
  178  10:53  Zergling x16  
  183  10:58  Drone x3  
  183  11:10  Overseer  
  183  11:11  Zergling x8  
  183  11:12  Zergling x4  
  183  11:17  Baneling x6  
  189  11:24  Zergling x14  
  195  11:30  Zergling x2, Hydralisk  
  195  11:31  Zergling x14  
  197  11:35  Overseer x2  
  197  11:39  Spore Crawler  
  191  11:43  Zerg Missile Weapons Level 1  
  190  11:47  Evolution Chamber  
  190  11:48  Extractor x2  
  186  12:01  Baneling x15  
  186  12:02  Overlord x2, Baneling x20  
  186  12:04  Zerg Ground Armor Level 3  
  186  12:06  Seismic Spines  
  186  12:07  Viper x2  
  192  12:08  Lurker  
  192  12:10  Lurker  
  192  12:13  Baneling x2  
  194  12:16  Overlord x2  
  187  12:28  Hatchery, Zergling x2, Hydralisk  
  187  12:29  Zergling x12  
  186  12:33  Zergling x16, Hydralisk  
  174  12:51  Lurker x6  
  174  12:52  Lurker  
  174  12:53  Lurker  
  174  12:55  Hatchery  
  180  13:02  Drone x2  
  180  13:03  Adaptive Talons  
  182  13:07  Lurker  
  182  13:08  Lurker x2  
  185  13:13  Overseer  
  185  13:16  Hydralisk  
  185  13:17  Zergling x14  
  194  13:20  Hatchery  
  187  13:37  Zerg Melee Weapons Level 3  
  187  13:39  Drone x3  
  187  13:40  Drone  
  189  13:42  Zergling x2, Hydralisk  
  189  13:43  Zergling x14  
  190  14:00  Hydralisk  
  190  14:01  Zergling x24  
  177  14:10  Zergling x28, Hydralisk  
  177  14:11  Zergling x4  
  193  14:23  Drone x3  
  193  14:25  Zerg Missile Weapons Level 2  
  193  14:26  Hydralisk x2  
  193  14:27  Hydralisk  
  199  14:34  Hatchery, Baneling x2  
  199  14:35  Baneling x14  
  198  14:39  Overseer  
  198  14:43  Zergling x6, Hydralisk  
  198  14:45  Baneling x13  
  194  14:56  Hydralisk, Baneling  
  194  14:57  Zergling x16, Baneling x5  
  197  15:05  Hydralisk  
  197  15:06  Zergling x8  
  199  15:14  Zergling x14, Hydralisk  
  192  15:17  Zergling x2, Hydralisk  
Tags
 
Add a new tag
Caveats
  • Supply blocks, unpowered buildings, or Contaminate may cause inaccurate times.
  • Supply counts are checked every 10 seconds.